 Dungeon Crawl Stone Soup version 0.28.0-53-g5a82cb258f (webtiles) character file.

Game seed: 3162352399355722640

2287 H0rd4k the Cutter (level 9, -1/67 HPs)
             Began as a Human Artificer on July 28, 2022.
             Was an Initiate of Gozag.
             Slain by a water moccasin (6 damage)
             ... on level 8 of the Dungeon on July 29, 2022.
             The game lasted 00:12:11 (10006 turns).

H0rd4k the Cutter (Human Artificer)                Turns: 10006, Time: 00:12:11

Health: -1/67      AC:  7    Str: 12    XL:     9   Next: 66%
Magic:  13/13      EV: 13    Int: 16    God:    Gozag
Gold:   776        SH:  0    Dex: 14    Spells: 10/14 levels left

rFire   + . .      SeeInvis .   g - +2 dagger (drain)
rCold   x . .      Faith    .   (no shield)
rNeg    . . .      Spirit   .   b - +0 leather armour
rPois   .          Reflect  .   (no helmet)
rElec   .          Harm     .   m - +2 cloak
rCorr   .          Rampage  .   j - +0 pair of gloves
Will    .....                   (no boots)
Stlth   +.........              l - amulet of magic regeneration
HPRegen 0.21/turn               i - ring of fire
MPRegen 0.53/turn               (no ring)

@: lethally poisoned (-1 -> -3), about to teleport, studying Evocations
A: no striking features
a: Renounce Religion, Potion Petition, Call Merchant, Bribe Branch


You were on level 8 of the Dungeon.
You worshipped Gozag.
Gozag was pleased with you.
You visited 2 branches of the dungeon, and saw 9 of its levels.

You collected 831 gold pieces.
You paid 55 gold pieces to Gozag.

Inventory:

Hand Weapons
 g - a +2 dagger of draining (weapon)
 k - a +0 mace of venom
Missiles
 c - a throwing net
 h - a curare-tipped dart
Armour
 b - a +0 leather armour (worn)
 j - a +0 pair of gloves (worn)
 m - a +2 cloak (worn)
Jewellery
 i - a ring of fire (left hand)
 l - an amulet of magic regeneration (around neck)
 w - a +6 ring of intelligence
Scrolls
 d - a scroll of magic mapping
 f - 3 scrolls of torment
Potions
 p - a potion of lignification
Miscellaneous
 e - a piece from Xom's chessboard (14/15)


   Skills:
 + Level 4.9 Fighting
 + Level 7.0 Short Blades
 - Level 2.0 Armour
 + Level 5.2 Dodging
 - Level 1.0 Stealth
 * Level 3.1 Spellcasting
 * Level 2.7 Necromancy
 + Level 6.0 Evocations


You had 10 spell levels left.
You knew the following spells:

 Your Spells              Type           Power      Damage    Failure   Level
a - Vampiric Draining     Necr           11%        2d6       22%         3
b - Pain                  Necr           44%        1d6       8%          1

Your spell library contained the following spells:

 Spells                   Type           Power      Damage    Failure   Level
 Animate Skeleton         Necr           22%        N/A       8%          1
 Corpse Rot               Necr/Air       12%        N/A       21%         2
 Freeze                   Ice            8%         1d3       24%         1
 Frozen Ramparts          Ice            4%         1d2       56%         3
 Ignite Poison            Fire/Tmut/Pois 3%         N/A       56%         3
 Mephitic Cloud           Conj/Pois/Air  2%         N/A       56%         3
 Dispel Undead            Necr           11%        3d9       58%         4
 Hailstorm                Conj/Ice       2%         3d3       93%         4
 Ice Form                 Ice/Tmut       2%         N/A       93%         4
 Summon Ice Beast         Ice/Summ       2%         N/A       93%         4
 Freezing Cloud           Conj/Ice/Air   1%         6-21      100%        5
 Death Channel            Necr           5%         N/A       100%        6


Dungeon Overview and Level Annotations

Branches:
Dungeon (8/15)             Temple (1/1) D:4
   Lair: D:8-11

Altars:
Cheibriados
Dithmenos
Elyvilon
Gozag
Makhleb
Nemelex Xobeh
Qazlal
Ru
Vehumet
Wu Jian
Zin
The Shining One

Shops:
D:1 [

Annotations:
D:2 exclusion: downstairs
D:5 exclusion: downstairs
D:6 Maggie
D:7 Duvessa


Message History

The water moccasin poisons you!
* * * LOW HITPOINT WARNING * * *
You feel very sick.
* * * LOW HITPOINT WARNING * * *
You feel very sick. The water moccasin misses you.
* * * LOW HITPOINT WARNING * * *
You feel very sick.
* * * LOW HITPOINT WARNING * * *
You feel very sick. The water moccasin bites you.
* * * LOW HITPOINT WARNING * * *
You feel better. The water moccasin bites you.
* * * LOW HITPOINT WARNING * * *
You are poisoned.
The water moccasin poisons you!
You barely miss the water moccasin.
You feel sick.
The water moccasin bites you but does no damage.
You hit the water moccasin.
The water moccasin is lightly wounded.
You feel sick.
The water moccasin bites you but does no damage.
You closely miss the water moccasin.
The water moccasin is lightly wounded.
You feel sick. The water moccasin closely misses you.
You closely miss the water moccasin.
The water moccasin is lightly wounded.
You feel sick.
The water moccasin bites you but does no damage.
You closely miss the water moccasin.
The water moccasin is lightly wounded.
You feel sick.
The water moccasin bites you but does no damage.
You miss the water moccasin.
The water moccasin is lightly wounded.
Okay, then.
As you read the scroll of teleportation, it crumbles to dust.
You feel strangely unstable.
You feel sick. The water moccasin bites you.
You die...
Your body crumbles into a pile of gold.

.###...###....# *,,,,,,,*
*#.'#.#F,##...# *,,,,,,,*
#...#.#..,##..# ******,,,,,,,***
...##$##.,,#..# *,,,**,,,,,,,,,,
:.##...##.$#..# *,,,#*,,,,,,,,,,
###.....####..# *,,.#*,,,,,,,,,,
....$.........# *,..#*****+*****
.............K####...###***,*
..#C......C.KOoS@...?'..,,*,*
..#.##############...###*,*,*****
#.#.# *,..# *,*,,,,,, #.#.# *,,.#
*,******* #.#.# ****# *,* #.#.#
**####**+***** #.#.###########
*.....,,,,,,,*
#>.......h...$####.....,,,,,,,* *
#......................,,,,,,,* *


You could see a two-headed ogre, a cyclops, an orc warrior, a water moccasin and
2 kobolds.

Vanquished Creatures
  Sigmund (D:3)
  A water moccasin (D:8)
  An ice beast (D:5)
  A black bear (D:8)
  2 necrophages
  2 centaurs
  A phantom (D:4)
  2 kobold brigands
  A gnoll sergeant (D:8)
  3 bullfrogs
  A scorpion (D:6)
  A water moccasin skeleton (D:4)
  A howler monkey (D:7)
  A wight (D:8)
  A bullfrog zombie (D:6)
  2 centaur zombies
  4 hounds
  2 jellies
  A centaur skeleton (D:7)
  An orc priest (D:6)
  2 bullfrog skeletons
  2 iguanas
  An orc wizard (D:4)
  A killer bee zombie (D:7)
  A howler monkey zombie (D:8)
  7 gnolls
  3 adders
  A white imp (D:7)
  An adder zombie (D:4)
  4 worms
  3 dart slugs
  20 orcs
  6 ball pythons
  7 endoplasms
  4 giant cockroaches
  6 goblins
  3 hobgoblins
  3 jackals (D:2)
  15 kobolds
  3 quokkas
  3 bats
  2 frilled lizards (D:2)
  6 rats
134 creatures vanquished.

Vanquished Creatures (collateral kills)
  Dowan (D:7)
1 creature vanquished.

Vanquished Creatures (others)
  A centaur (D:7)
  3 wights (D:7)
  A centaur zombie (D:7)
  A gnoll (D:8)
  An orc (D:4)
  3 plants (D:2)
10 creatures vanquished.

Grand Total: 145 creatures vanquished

Notes
Turn   | Place    | Note
-------+----------+-------------------------------------------
     0 | D:1      | H0rd4k the Human Artificer began the quest for the Orb.
     0 | D:1      | Reached XP level 1. HP: 15/15 MP: 1/1
   519 | D:1      | Found Pobel's Antique Armour Shop.
   825 | D:1      | Reached XP level 2. HP: 21/21 MP: 2/2
  1347 | D:2      | Reached XP level 3. HP: 26/26 MP: 3/3
  1765 | D:2      | Reached XP level 4. HP: 28/32 MP: 4/4
  2430 | D:3      | Found a faded altar of an unknown god.
  2436 | D:3      | Reached skill level 1 in Short Blades
  2651 | D:3      | Noticed Sigmund
  2798 | D:3      | Killed Sigmund
  2799 | D:3      | Reached skill level 2 in Short Blades
  2799 | D:3      | Reached skill level 5 in Evocations
  2799 | D:3      | Reached XP level 5. HP: 21/38 MP: 5/5
  2799 | D:3      | Reached XP level 6. HP: 25/44 MP: 6/6
  3522 | D:3      | Found a glowing silver altar of Zin.
  3724 | D:4      | Found a staircase to the Ecumenical Temple.
  3753 | Temple   | Entered the Ecumenical Temple
  3786 | Temple   | Became a worshipper of Gozag Ym Sagoz the Greedy
  3908 | D:4      | Reached skill level 3 in Short Blades
  3921 | D:4      | Reached XP level 7. HP: 47/51 MP: 7/7
  4307 | D:4      | Reached skill level 4 in Short Blades
  5118 | D:4      | Reached XP level 8. HP: 49/58 MP: 7/9
  5523 | D:5      | Entered Level 5 of the Dungeon
  5869 | D:5      | Reached skill level 5 in Short Blades
  5869 | D:5      | Reached skill level 1 in Spellcasting
  6109 | D:5      | Found a shadowy altar of Dithmenos.
  6545 | D:5      | Learned a level 3 spell: Vampiric Draining
  6578 | D:6      | Noticed Maggie
  6983 | D:6      | Reached skill level 1 in Necromancy
  7110 | D:6      | Reached skill level 6 in Short Blades
  7438 | D:7      | Learned a level 1 spell: Pain
  7523 | D:7      | Reached XP level 9. HP: 11/60 MP: 12/12
  8502 | D:7      | Noticed Dowan
  8505 | D:7      | Noticed Duvessa
  8523 | D:7      | Killed Dowan
  8823 | D:8      | Noticed a cyclops
  8922 | D:8      | HP: 3/66 [gnoll sergeant/+0 spear (11)]
  9647 | D:8      | Reached skill level 5 in Dodging
  9930 | D:8      | Found an ornate altar of the Wu Jian Council.
  9930 | D:8      | Found a glowing golden altar of the Shining One.
  9930 | D:8      | Found a sparkling altar of Nemelex Xobeh.
  9933 | D:8      | Found a snail-covered altar of Cheibriados.
  9970 | D:8      | Reached skill level 7 in Short Blades
  9981 | D:8      | Noticed a two-headed ogre
 10006 | D:8      | Slain by a water moccasin

Illustrated notes

Levels and vault maps discovered:
D:1:      lightli_molten_gateway, layout_rooms, serial_shops,
          nicolae_shop_stone, serial_co_window_serial, co_window_corner_a,
          co_window_of_opportunity_a, co_window_cross_1, co_window_corner_a,
          co_window_corner_a, co_window_corner_cb, co_window_broadway_c,
          co_window_broadway_b, co_window_4corner_b, co_window_paths_d,
          glass_columns_b, glass_columns_b
D:2:      layout_basic, serial_forest, infiniplex_forest_end_1,
          infiniplex_forest_clump_small, infiniplex_forest_lined_corner,
          infiniplex_forest_clump_small, infiniplex_forest_clump_curved,
          grunt_ministairs_2, kennysheep_generic_room_7
D:3:      minmay_diamond_boxcup, layout_basic, nicolae_overflow_hidden_temple,
          chequers_ecumenical_altar_island, uniq_sigmund
D:4:      layout_rooms, minmay_temple_entry_offerings, roderic_lattice_a,
          kennysheep_donut, minmay_misc_feat_ornament, minmay_manual_macuahuitl
D:5:      layout_loops_corners, lemuel_crystal_altar
D:6:      layout_cave_pools, uniq_maggie
D:7:      layout_basic, uniq_duvessa
D:8:      cheibrodos_barr_body, layout_basic, grunt_temple_overflow_open,
          mainiacjoe_overflow_alcove_4, kennysheep_minor_cross
Temple:   oiseaux_autumnal_temple

Skill      XL: |  1  2  3  4  5  6  7  8  9 |
---------------+----------------------------+-----
Evocations     | 4 5 6 |  6.0
Short Blades   | 2 3 4 6 7 |  7.0
Fighting       | 2 3 4 |  4.9
Dodging        | 2 3 4 5 |  5.2
Spellcasting   | 2 3 |  3.1
Necromancy     | 1 2 |  2.7
Armour         | |  2.0
Stealth        | |  1.0

Action                   |  1- 3 |  4- 6 |  7- 9 || total
-------------------------+-------+-------+-------++-------
Melee: Club              |    11 |       |       ||    11
       Dagger            |    37 |   108 |   568 ||   713
       Punch             |       |     1 |     9 ||    10
Evoke: Wand              |    11 |     2 |    19 ||    32
       Piece from Xom's  |       |     1 |     2 ||     3
  Use: Scroll            |       |       |    11 ||    11
       Potion            |       |       |     5 ||     5
 Stab: Sleeping          |     1 |     9 |     1 ||    11
       Invisible         |       |       |     2 ||     2
       Distracted        |       |       |     1 ||     1
Armor: Leather armour    |    11 |    29 |   170 ||   210
Dodge: Dodged            |    30 |    52 |   297 ||   379
